 Dungeon Crawl Stone Soup version 0.28-b1-78-gc65acfa365 (webtiles) character file.

Game seed: 9692377868802587592

111 Gabide the Vandal (level 4, -3/36 HPs)
             Began as a Demigod Hunter on Feb 4, 2022.
             Slain by an orc (10 damage)
             ... on level 4 of the Dungeon.
             The game lasted 00:05:01 (2399 turns).

Gabide the Vandal (Demigod Hunter)                  Turns: 2399, Time: 00:05:01

Health: -3/36      AC:  3    Str: 17    XL:     4   Next: 36%
Magic:  6/6        EV: 12    Int: 13    God:
Gold:   59         SH:  0    Dex: 14    Spells: 3/3 levels left

rFire   + . .      SeeInvis .   a - +1 hunting sling
rCold   . . .      Faith    .   (no shield)
rNeg    . . .      Spirit   .   c - +0 leather armour
rPois   .          Reflect  .   (no helmet)
rElec   .          Harm     .   (no cloak)
rCorr   .          Rampage  .   (no gloves)
Will    .....                   (no boots)
Stlth   +.........              (no amulet)
HPRegen 0.12/turn               l - ring of protection from fire
MPRegen 0.10/turn               (no ring)

@: about to teleport
A: high MP 1, forlorn, divine attributes
a: no special abilities


You were on level 4 of the Dungeon.
You visited 1 branch of the dungeon, and saw 4 of its levels.

You collected 59 gold pieces.

Inventory:

Hand Weapons
 a - a +1 hunting sling (weapon)
 i - a +2 dagger of venom
Missiles
 b - 81 stones
 d - 3 sling bullets (quivered ammo)
Armour
 c - a +0 leather armour (worn)
Jewellery
 l - a ring of protection from fire (left hand)
Scrolls
 e - a scroll of fear {unknown}
 f - a scroll of blinking {unknown}
Potions
 k - a potion of degeneration {unknown}
 m - a potion of resistance {unknown}


   Skills:
 + Level 2.1 Fighting
 + Level 4.8 Slings
 + Level 1.2 Armour
 + Level 2.3 Dodging
 + Level 0.8 Stealth


You had 3 spell levels left.
You didn't know any spells.
Your spell library contained the following spells:

 Spells                   Type           Power      Damage    Failure   Level
 Ozocubu's Armour         Ice            0%         N/A       73%         3
 Metabolic Englaciation   Hex/Ice        0%         N/A       100%        5
 Simulacrum               Ice/Necr       0%         N/A       100%        6
 Ozocubu's Refrigeration  Ice            0%         4d5       100%        7


Dungeon Overview and Level Annotations

Branches:
Dungeon (3/15)

Shops:
D:1 ?(


Innate Abilities, Weirdness & Mutations

You have an increased reservoir of magic. (+10% MP)
You shall have no god before yourself.
Your divine heritage dramatically boosts your attributes as you level up.


Message History

You shoot a sling bullet. The sling bullet barely misses the orc.
The orc hits you with a +0 morningstar!
You are too injured to fight recklessly!
You are too injured to fight recklessly!
You are too injured to fight recklessly!
You are too injured to fight recklessly!
You are too injured to fight recklessly!
You are too injured to fight recklessly!
You are too injured to fight recklessly!
You are too injured to fight recklessly!
You are too injured to fight recklessly!
You are too injured to fight recklessly!
You are too injured to fight recklessly!
You are too injured to fight recklessly!
You are too injured to fight recklessly!
You are too injured to fight recklessly!
You are too injured to fight recklessly!
You are too injured to fight recklessly!
You are too injured to fight recklessly!
You are too injured to fight recklessly!
You are too injured to fight recklessly!
You are too injured to fight recklessly!
You are too injured to fight recklessly!
You are too injured to fight recklessly!
You are too injured to fight recklessly!
You are too injured to fight recklessly!
You are too injured to fight recklessly!
You are too injured to fight recklessly!
Press: ? - help, v - describe, . - travel, g - get item
Here: an orc, wielding a +0 morningstar and wearing a +0 leather armour (moderately wounded) Item here: 3 sling bullets.
The floor.
Unknown command.
The orc hits you with a +0 morningstar!
* * * LOW HITPOINT WARNING * * *
The orc hits you with a +0 morningstar.
* * * LOW HITPOINT WARNING * * *
As you read the scroll of teleportation, it crumbles to dust.
You feel strangely unstable. The orc hits you with a +0 morningstar!
You die...

#(....#
##....##
##....#
##...##
###..# #..#
##.##
#..#########
##.o@.......
#..........
....######...
....#.. #
######. #.


You could see an orc.

Vanquished Creatures
  5 adders
  3 dart slugs
  An orc (D:3)
  2 bats
  6 endoplasms
  4 giant cockroaches
  5 goblins
  7 hobgoblins
  4 jackals (D:2)
  5 ball pythons
  4 frilled lizards
  2 kobolds
  2 rats
50 creatures vanquished.

Vanquished Creatures (collateral kills)
  A giant cockroach (D:2)
  3 jackals (D:2)
4 creatures vanquished.

Vanquished Creatures (others)
  2 plants (D:1)
2 creatures vanquished.

Grand Total: 56 creatures vanquished

Notes
Turn   | Place    | Note
-------+----------+-------------------------------------------
     0 | D:1      | Gabide the Demigod Hunter began the quest for the Orb.
     0 | D:1      | Reached XP level 1. HP: 17/17 MP: 3/3
   183 | D:1      | Found Sath's Antique Weapon Shoppe.
   208 | D:1      | Found Ureumomn's General Store.
   320 | D:1      | Reached skill level 4 in Slings
   320 | D:1      | Reached XP level 2. HP: 21/24 MP: 4/4
   464 | D:1      | Found Ciedoz's Magic Scroll Emporium.
  1135 | D:2      | Reached XP level 3. HP: 29/29 MP: 5/5
  1920 | D:3      | Reached XP level 4. HP: 36/36 MP: 6/6
  1938 | D:3      | Reached skill level 1 in Armour
  2385 | D:3      | You fall into a shaft and drop 1 floor!
  2399 | D:4      | Slain by an orc

Illustrated notes

Levels and vault maps discovered:
D:1:      nicolae_arrival_somewhat_less_tricky_arrival, layout_basic,
          serial_shops, nicolae_shop_behind_doors, nicolae_shop_trees,
          nicolae_shop_stone, serial_forest, infiniplex_forest_clump_tiny,
          infiniplex_forest_straight_5, infiniplex_forest_lined_ring,
          infiniplex_forest_lined_2, infiniplex_forest_clump_long,
          infiniplex_forest_clump_cross, infiniplex_forest_lined_4_way,
          infiniplex_forest_straight_2, infiniplex_forest_lined_1
D:2:      layout_basic, roderic_lattice_a
D:3:      layout_basic, minmay_misc_feat_five, uniq_natasha
D:4:      layout_cave_pods, nicolae_shop_unique_rings

Skill      XL: |  1  2  3  4 |
---------------+-------------+-----
Slings         | 4 |  4.8
Dodging        | 2 |  2.3
Fighting       | 2 |  2.1
Armour         | 1 |  1.2
Stealth        | |  0.8

Action                   |  1- 3 |  4- 6 || total
-------------------------+-------+-------++-------
Melee: Dagger            |       |     9 ||     9
 Fire: Hunting sling     |    90 |    44 ||   134
  Use: Scroll            |     2 |     1 ||     3
       Potion            |       |     3 ||     3
Armor: Leather armour    |     3 |     6 ||     9
Dodge: Dodged            |     3 |    23 ||    26
